 Dungeon Crawl Stone Soup version 0.27-a0-1287-gca74d27db6 (webtiles) character file.

Game seed: 16965713575317801538

380 bande the Covered (level 6, -10/38 HPs)
             Began as a Gargoyle Fighter on June 15, 2021.
             Mangled by a two-headed ogre (16 damage)
             ... on level 4 of the Dungeon.
             The game lasted 00:07:53 (4652 turns).

bande the Covered (Gargoyle Fighter)                Turns: 4652, Time: 00:07:54

Health: -10/38     AC: 11    Str: 21    XL:     6   Next: 75%
Magic:  0/6        EV:  8    Int:  8    God:
Gold:   151        SH: 11    Dex: 16    Spells: 5/5 levels left

rFire    . . .     SeeInvis .   a - +0 war axe
rCold    . . .     Faith    .   c - +1 kite shield
rNeg     + . .     Spirit   +   b - +0 scale mail
rPois    ∞         Reflect  .   (no helmet)
rElec    +         Harm     .   (no cloak)
rCorr    .         Rampage  .   (no gloves)
Will     .....                  (no boots)
Stlth    ..........             o - amulet of guardian spirit
HPRegen  0.12/turn              f - +6 ring of dexterity
MPRegen  0.10/turn              (no ring)

@: no status effects
A: sickness immunity, AC +4, negative energy resistance 1, electricity
resistance, torment resistance 1, petrification resistance
a: no special abilities


You were on level 4 of the Dungeon.
You visited 1 branch of the dungeon, and saw 4 of its levels.

You collected 151 gold pieces.

Inventory:

Hand Weapons
 a - a +0 war axe (weapon)
 j - a +0 flail
Armour
 b - a +0 scale mail (worn)
 c - a +1 kite shield (worn)
Jewellery
 f - a +6 ring of dexterity (left hand)
 h - a ring of flight
 o - an amulet of guardian spirit (around neck)
Wands
 q - a wand of iceblast (10)
 t - a wand of flame (18)
Scrolls
 m - a scroll of fog
 n - 3 scrolls of identify
 r - 2 scrolls of teleportation
 s - a scroll of enchant armour
Potions
 d - a potion of might
 e - a potion of haste {unknown}
 g - a potion of brilliance {unknown}
 i - a potion of curing {unknown}
 k - a potion of heal wounds {unknown}
 l - a potion of flight {unknown}
 p - a potion of berserk rage {unknown}
 u - a potion of attraction {unknown}


   Skills:
 + Level 4.0 Fighting
 + Level 4.0 Axes
 + Level 4.9 Armour
 + Level 0.8 Dodging
 - Level 0.2 Stealth
 + Level 4.6 Shields
 * Level 1.0 Evocations


You had 5 spell levels left.
You didn't know any spells.
Your spell library contained the following spells:

 Spells                   Type           Power      Damage    Failure   Level
 Sting                    Tmut/Pois      0%         1d3       99%         1
 Summon Small Mammal      Summ           0%         N/A       99%         1
 Call Imp                 Summ           0%         N/A       100%        2
 Poisonous Vapours        Pois/Air       0%         N/A       100%        2
 Call Canine Familiar     Summ           0%         N/A       100%        3
 Ignite Poison            Fire/Tmut/Pois 0%         N/A       100%        3
 Mephitic Cloud           Conj/Pois/Air  0%         N/A       100%        3
 Summon Guardian Golem    Hex/Summ       0%         N/A       100%        3
 Olgreb's Toxic Radiance  Pois           0%         N/A       100%        4
 Summon Ice Beast         Ice/Summ       0%         N/A       100%        4
 Summon Lightning Spire   Summ/Air       0%         N/A       100%        4


Dungeon Overview and Level Annotations

Branches:
Dungeon (4/15)
 Temple: D:4-7

Altars:

Shops:
D:4 (*[:


Innate Abilities, Weirdness & Mutations

You are immune to sickness and miasma.
Your stone body is resilient. (AC +4)
You are immune to poison.
You resist negative energy. (rN+)
You are resistant to electric shocks. (rElec)
You are resistant to unholy torment.
You are immune to petrification.


Message History

There is an open door here.
u - a sapphire potion No target in view!
You open the door.
There is an open door here.
n - 3 scrolls of identify (gained 1)
You open the door.
There is an open door here.
You open the door.
There is an open door here.
There is an open door here.
There is an open door here.
There is an open door here.
You open the door.
There is an open door here.
A two-headed ogre comes into view. It is wielding two +0 giant clubs.
The two-headed ogre shouts in stereo!
You hit the two-headed ogre.
The two-headed ogre is lightly wounded.
You block the two-headed ogre's attack. The two-headed ogre closely misses you.
You slash the two-headed ogre!
The two-headed ogre is lightly wounded.
The two-headed ogre hits you with a +0 giant club!
The two-headed ogre hits you but does no damage.
You block the two-headed ogre's attack.
The two-headed ogre hits you but does no damage.
You hit the two-headed ogre but do no damage.
The two-headed ogre is lightly wounded.
The two-headed ogre hits you with a +0 giant club!!
Ouch! That really hurt!
* * * LOW HITPOINT WARNING * * *
You block the two-headed ogre's attack.
You slash the two-headed ogre!
The two-headed ogre is moderately wounded.
You block the two-headed ogre's attack. The two-headed ogre barely misses you.
You hit the two-headed ogre but do no damage.
The two-headed ogre is moderately wounded.
You block the two-headed ogre's attack.
The two-headed ogre hits you with a +0 giant club!
You die...

......#......#.........#....#....
...)..#......#.........#....#....
.............#.........#....'....
.♣.♣.♣.......#.........#....#....
∩.⌠.∩.....####.........#..###....
.♣.♣.♣....#........#####..#####'#
⌠.⌠.⌠.....#........#.....>#......
.♣.♣.♣....#........#......#......
∩.⌠.∩.....#.....@..#......#......
.♣.♣.♣....#.....O..#......#..>...
..........#........#......#......
..........#........#......#......
..........#........#......#......
###########........##############
##########


You could see a two-headed ogre.

Vanquished Creatures
  An ogre (D:3)
  A scorpion (D:4)
  A hound (D:4)
  An orc priest (D:4)
  An orc wizard (D:4)
  A hound skeleton (D:4)
  3 gnolls
  3 adders
  A worm (D:2)
  2 dart slugs (D:1)
  8 orcs
  7 bats
  4 endoplasms
  5 giant cockroaches
  6 goblins
  5 hobgoblins
  7 jackals
  A quokka (D:1)
  5 ball pythons
  5 frilled lizards
  4 kobolds
  5 rats
77 creatures vanquished.

Notes
Turn   | Place    | Note
-------+----------+-------------------------------------------
     0 | D:1      | bande the Gargoyle Fighter began the quest for the Orb.
     0 | D:1      | Reached XP level 1. HP: 14/14 MP: 1/1
   200 | D:1      | Reached XP level 2. HP: 19/19 MP: 2/2
   625 | D:1      | Reached XP level 3. HP: 23/23 MP: 3/3
   641 | D:1      | Found a faded altar of an unknown god.
  1640 | D:2      | Reached XP level 4. HP: 21/28 MP: 4/4
  3180 | D:3      | Reached XP level 5. HP: 28/32 MP: 5/5
  3465 | D:3      | Noticed an ogre
  3471 | D:3      | Killed an ogre
  3670 | D:4      | Reached XP level 6. HP: 36/38 MP: 6/6
  3712 | D:4      | Found Tourai's Armour Shop.
  3712 | D:4      | Found Fenecvix's Book Shop.
  3712 | D:4      | Found Caniumucke's General Store.
  3714 | D:4      | Found Diufrosk's Weapon Shop.
  4310 | D:4      | Reached skill level 1 in Evocations
  4644 | D:4      | Noticed a two-headed ogre
  4652 | D:4      | Mangled by a two-headed ogre

Illustrated notes

Levels and vault maps discovered:
D:1:      ncdulo_halloftheorcs, layout_basic, ebering_ecumenical_altar_box
D:2:      layout_basic, kennysheep_donut
D:3:      layout_basic, wander_ebering_terrifying_dragon_lair
D:4:      layout_gridville, minmay_shop_grid_forest

Skill      XL: |  1  2  3  4  5  6 |
---------------+-------------------+-----
Axes           | 2 3 4 |  4.0
Shields        | 4 |  4.6
Armour         | 4 |  4.9
Fighting       | 4 |  4.0
Evocations     | 1 |  1.0
Dodging        | |  0.8
Stealth        | |  0.2

Action                   |  1- 3 |  4- 6 || total
-------------------------+-------+-------++-------
Melee: War axe           |   106 |   144 ||   250
  Use: Scroll            |       |     5 ||     5
Armor: Scale mail        |    69 |    65 ||   134
Dodge: Dodged            |    39 |    52 ||    91
Block: Kite shield       |    81 |   117 ||   198

Table legend: (Time is in decaauts)
 A = Elapsed time spent in this place.
 B = Non-inter-level travel time spent in this place.
 C = Inter-level travel time spent in this place.
 D = Time resting spent in this place.
 E = Time spent auto-exploring this place.
 F = Levels seen in this place.
 G = Mean time per level.
                   A        B        C        D        E       F      G
               +--------+--------+--------+--------+--------+-----+--------+
         Total |   4800 |   4800 |      0 |   1009 |   3016 |   4 | 1200.0 |
       Dungeon |   4800 |   4800 |      0 |   1009 |   3016 |   4 | 1200.0 |
               +--------+--------+--------+--------+--------+-----+--------+

Top non-repeatable levels by time:
     D:1: 1665 daAuts
     D:3: 1079 daAuts
     D:2: 1032 daAuts
     D:4: 1023 daAuts
